 Dungeon Crawl Stone Soup version 0.28.0-49-g6dfe1f597d (webtiles) character file.

Game seed: 14094784302352094707

2174 pkoi the Conjurer (level 8, 0/61 HPs)
             Began as a Demigod Hedge Wizard on May 12, 2022.
             Slain by a two-headed ogre
             ... wielding a +0 giant club
              (22 damage)
             ... on level 6 of the Dungeon.
             The game lasted 00:19:41 (14941 turns).

pkoi the Conjurer (Demigod Hedge Wizard)           Turns: 14941, Time: 00:19:41

Health: 0/61       AC:  5    Str: 11    XL:     8   Next: 86%
Magic:  10/17      EV: 12    Int: 24    God:
Gold:   143        SH:  5    Dex: 13    Spells: 4/14 levels left

rFire   . . .      SeeInvis .   v - +1 dagger (venom)
rCold   . . .      Faith    .   (no shield)
rNeg    + . .      Spirit   .   z - +1 robe of Napt {+Inv rN+ Will+}
rPois   .          Reflect  +   c - +0 hat
rElec   .          Harm     .   (no cloak)
rCorr   .          Rampage  .   u - +0 pair of gloves
Will    +....                   f - +0 pair of boots
Stlth   ++........              d - amulet of reflection
HPRegen 0.20/turn               (no ring)
MPRegen 0.15/turn               (no ring)

@: no status effects
A: high MP 1, forlorn, divine attributes
a: Evoke Invisibility


You were on level 6 of the Dungeon.
You visited 1 branch of the dungeon, and saw 7 of its levels.

You collected 291 gold pieces.
You spent 148 gold pieces at shops.

Inventory:

Hand Weapons
 a - a +1 dagger
 v - a +1 dagger of venom (weapon)
Missiles
 l - 11 poisoned darts
Armour
 c - a +0 hat (worn)
 f - a +0 pair of boots (worn)
 o - an orb of light
 u - a +0 pair of gloves (worn)
 z - the +1 robe of Napt (worn) {+Inv rN+ Will+}
   (You bought it in a shop on level 2 of the Dungeon)

   rN:        It protects you from negative energy.
   +Inv:      It lets you turn invisible.
   Will:      It increases your willpower.
Jewellery
 d - an amulet of reflection (around neck)
 k - a ring of resist corrosion
Wands
 i - a wand of iceblast (3)
 y - a wand of digging (9)
Scrolls
 b - 2 scrolls of identify
 e - 2 scrolls of teleportation
 j - 2 scrolls of fear
 p - 4 scrolls of amnesia
 s - a scroll of enchant weapon
 A - a scroll of torment {unknown}
Potions
 g - 2 potions of might {unknown}
 h - 3 potions of flight
 m - a potion of curing
 n - 2 potions of heal wounds
 q - 3 potions of mutation {unknown}
 r - a potion of cancellation
 t - 2 potions of ambrosia {unknown}
 w - a potion of haste {unknown}
 x - a potion of degeneration {unknown}


   Skills:
 + Level 2.1 Fighting
 + Level 2.2 Armour
 + Level 3.0 Dodging
 - Level 1.7 Stealth
 + Level 3.7 Spellcasting
 + Level 6.9 Conjurations
 - Level 1.3 Hexes
 - Level 0.8 Summonings
 - Level 2.0 Translocations
 + Level 3.3 Fire Magic
 + Level 3.3 Air Magic
 + Level 3.3 Poison Magic


You had 4 spell levels left.
You knew the following spells:

 Your Spells              Type           Power      Damage    Failure   Level
a - Magic Dart            Conj           100%       1d8       1%          1
b - Blink                 Tloc           28%        N/A       7%          2
c - Slow                  Hex            44%        N/A       6%          1
d - Conjure Flame         Conj/Fire      29%        6-21      3%          3
e - Mephitic Cloud        Conj/Pois/Air  26%        N/A       4%          3

Your spell library contained the following spells:

 Spells                   Type           Power      Damage    Failure   Level
 Summon Small Mammal      Summ           32%        N/A       7%          1
 Stone Arrow              Conj/Erth      42%        3d9       8%          3
 Sandblast                Erth           8%         2d5       10%         1
 Call Imp                 Summ           8%         N/A       11%         2
 Lesser Beckoning         Tloc           14%        N/A       13%         3
 Passwall                 Tmut/Erth      3%         N/A       16%         2
 Summon Guardian Golem    Hex/Summ       9%         N/A       19%         3
 Call Canine Familiar     Summ           8%         N/A       22%         3
 Manifold Assault         Tloc           14%        N/A       77%         5


Dungeon Overview and Level Annotations

Branches:
Dungeon (7/15)
 Temple: D:4-7

Shops:
D:2 [

Annotations:
D:3 exclusion: 4 doors


Innate Abilities, Weirdness & Mutations

You have an increased reservoir of magic. (+10% MP)
You shall have no god before yourself.
Your divine heritage dramatically boosts your attributes as you level up.


Message History

The magic dart hits the two-headed ogre.
The two-headed ogre is moderately wounded.
There is a stone staircase leading up here.
You see here a +0 giant club.
Casting: Magic Dart (safe; 1% risk of failure)
Confirm with . or Enter, or press ? or * to list all spells.
The fire begins to smoulder!
The fire ignites!
There is an open door here.
The magic dart hits the two-headed ogre but does no damage.
The two-headed ogre is lightly wounded.
Casting: Magic Dart (safe; 1% risk of failure)
Confirm with . or Enter, or press ? or * to list all spells.
Aiming: Mephitic Cloud (dangerous; 4% risk of failure)
Press: ? - help, Shift-Dir - straight line, f/p - two-headed ogre
Aim: a two-headed ogre, wielding two +0 giant clubs (lightly wounded, chance to affect: 53%)
The ball explodes into a vile cloud!
The stinking cloud engulfs the two-headed ogre but does no damage.
The two-headed ogre is lightly wounded.
The stinking cloud engulfs the wraith but does no damage.
The two-headed ogre is engulfed in noxious fumes.
Unknown command.
You hit the two-headed ogre but do no damage.
The two-headed ogre is lightly wounded.
The two-headed ogre is engulfed in blazing flames.
The two-headed ogre hits you with a +0 giant club!
* * * LOW HITPOINT WARNING * * *
The two-headed ogre hits you with a +0 giant club!!
* * * LOW HITPOINT WARNING * * *
You barely miss the two-headed ogre.
The two-headed ogre is moderately wounded.
The two-headed ogre is engulfed in blazing flames.
The two-headed ogre closely misses you. You block the two-headed ogre's attack.
Unknown command.
You hit the two-headed ogre but do no damage.
The two-headed ogre is poisoned.
The two-headed ogre is heavily wounded.
The two-headed ogre is engulfed in blazing flames.
The two-headed ogre hits you with a +0 giant club!!
You die...

#....#.#.#.# #....#.#.#.#
#......#.#.# #####..#...#
####..#.#########
##############
#.....#...[....).
#............#
#.......#########
.............####.......#
..(.......<.)JWO@.......#
.............####....#..##
#.........(..# #....#...#
#............# #....##..##
#............#
#....##...######
#............#
#....##........#
#............#
#######......(.#
#............# #........#
############## #...>....#


You could see a two-headed ogre (poisoned), a wraith and a jelly.

Vanquished Creatures
  A steam dragon (D:7)
  2 necrophages
  5 ogres
  A centaur (D:5)
  2 bullfrogs (D:6)
  2 wyvern zombies
  2 scorpions
  3 wights (D:6)
  5 killer bees
  2 centaur zombies
  A bullfrog zombie (D:5)
  2 hounds (D:5)
  2 gnoll shamans
  3 orc priests
  2 centaur skeletons (D:5)
  2 iguanas
  An orc wizard (D:3)
  A hound zombie (D:5)
  9 gnolls
  6 adders
  An ufetubus (D:6)
  2 adder zombies (D:5)
  2 worms (D:3)
  3 dart slugs
  4 orcs
  5 endoplasms
  2 giant cockroaches (D:6)
  8 goblins
  6 hobgoblins (D:1)
  8 kobolds
  4 quokkas
  4 ball pythons
  5 bats
  3 frilled lizards
  5 rats
116 creatures vanquished.

Notes
Turn   | Place    | Note
-------+----------+-------------------------------------------
     0 | D:1      | pkoi the Demigod Hedge Wizard began the quest for the Orb.
     0 | D:1      | Reached XP level 1. HP: 14/14 MP: 6/6
    31 | D:1      | Reached skill level 1 in Conjurations
   949 | D:1      | Reached XP level 2. HP: 20/20 MP: 4/8
   986 | D:1      | Learned a level 2 spell: Blink
  1006 | D:1      | Reached skill level 1 in Translocations
  1292 | D:1      | Learned a level 1 spell: Slow
  2660 | D:2      | Reached XP level 3. HP: 22/26 MP: 2/10
  2849 | D:2      | Learned a level 3 spell: Conjure Flame
  3104 | D:2      | Reached skill level 2 in Conjurations
  3321 | D:2      | Found Gaasykk's Antique Armour Shoppe.
  3542 | D:1      | Reached skill level 1 in Hexes
  4073 | D:3      | Noticed an ice beast
  5309 | D:4      | Noticed an ogre
  5410 | D:3      | Reached skill level 1 in Fire Magic
  5410 | D:3      | Reached XP level 4. HP: 3/33 MP: 7/11
  6108 | D:4      | Killed an ogre
  6109 | D:4      | Reached skill level 3 in Conjurations
  6109 | D:4      | Reached XP level 5. HP: 25/38 MP: 6/12
  6318 | D:4      | Learned a level 3 spell: Mephitic Cloud
  6802 | D:4      | You fall into a shaft and drop 3 floors!
  6933 | D:7      | Noticed a steam dragon
  7014 | D:7      | Noticed a necrophage
  7062 | D:7      | Killed a necrophage
  7063 | D:7      | Reached skill level 4 in Conjurations
  7063 | D:7      | Reached skill level 1 in Air Magic
  7063 | D:7      | Reached skill level 1 in Poison Magic
  7063 | D:7      | Reached XP level 6. HP: 43/45 MP: 0/13
  7187 | D:7      | Killed a steam dragon
  7594 | D:6      | Reached XP level 7. HP: 7/50 MP: 12/14
  7814 | D:6      | Reached skill level 5 in Conjurations
  7834 | D:5      | Entered Level 5 of the Dungeon
  9155 | D:2      | Bought a tattered robe for 148 gold pieces
  9155 | D:2      | Identified the +1 robe of Napt {+Inv rN+ Will+} (You bought
                  | it in a shop on level 2 of the Dungeon)
  9708 | D:5      | Reached skill level 6 in Conjurations
  9904 | D:5      | Reached XP level 8. HP: 58/58 MP: 8/15
 10299 | D:5      | Reached skill level 1 in Armour
 10345 | D:5      | Reached skill level 1 in Fighting
 14915 | D:6      | Noticed a two-headed ogre
 14941 | D:6      | Slain by a two-headed ogre

Illustrated notes

Levels and vault maps discovered:
D:1:      giann_bridges, layout_loops_ring, ebering_ecumenical_altar_mist
D:2:      layout_basic, serial_shops, shop
D:3:      layout_rooms, kennysheep_path_1, minmay_between
D:4:      layout_loops_cross
D:5:      layout_rooms, corexii_hall_statues_u,
          minmay_fractal_squares_diagonal_5
D:6:      layout_basic, gup_sewer_entry_bubbles, minmay_manual_mess
D:7:      layout_cave_pools, minmay_temple_entry_hall, hangedman_decor_push

Skill      XL: |  1  2  3  4  5  6  7  8 |
---------------+-------------------------+-----
Conjurations   | 1 2 3 4 6 |  6.9
Spellcasting   | 3 |  3.7
Translocations | 1 2 |  2.0
Hexes          | 1 |  1.3
Fire Magic     | 1 2 3 |  3.3
Air Magic      | 1 3 |  3.3
Poison Magic   | 1 3 |  3.3
Dodging        | 2 3 |  3.0
Armour         | 2 |  2.2
Fighting       | 2 |  2.1
Stealth        | |  1.7
Summonings     | |  0.8

Action                   |  1- 3 |  4- 6 |  7- 9 || total
-------------------------+-------+-------+-------++-------
Melee: Dagger            |    13 |    20 |    72 ||   105
       Punch             |       |     1 |     3 ||     4
 Cast: Magic Dart        |   151 |    52 |   242 ||   445
       Blink             |     1 |     3 |     1 ||     5
       Conjure Flame     |       |     2 |    13 ||    15
       Mephitic Cloud    |       |     2 |     9 ||    11
       Slow              |       |       |     4 ||     4
Evoke: Wand              |     1 |     4 |     2 ||     7
  Use: Scroll            |     7 |     2 |     3 ||    12
       Potion            |     1 |       |       ||     1
 Stab: Confused          |       |     2 |     5 ||     7
Armor: Robe              |    10 |       |    32 ||    42
Dodge: Dodged            |    26 |    14 |    91 ||   131
Block: Other             |     5 |     2 |    36 ||    43
       Reflection        |     1 |       |       ||     1
